 Dungeon Crawl Stone Soup version 0.31-a0-521-gc7390f8997 (webtiles) character file.

Game seed: 15872331222349195713

137 javelincjr the Sneak (level 5, -2/31 HPs)
             Began as an Octopode Hedge Wizard on Aug 10, 2023.
             Killed from afar by an orc wizard (8 damage)
             ... with a puff of flame
             ... on level 3 of the Dungeon.
             The game lasted 00:08:04 (2264 turns).

javelincjr the Sneak (Octopode Hedge Wizard)        Turns: 2264, Time: 00:08:05

Health: -2/31      AC:  1    Str:  9    XL:     5   Next: 20%
Magic:  8/10       EV: 13    Int: 18    God:
Gold:   109        SH:  0    Dex: 12    Spells: 6/11 levels left

rFire   . . .        k - +0 dagger (vamp)
rCold   . . .        (no shield)
rNeg    . . .        b - +0 hat
rPois   +            (no amulet)
rElec   .            n - ring of poison resistance
rCorr   .            (no ring)
SInv    .            (no ring)
Will    .....        (no ring)
Stlth   +++          (no ring)
HPRegen 0.25/turn    (no ring)
MPRegen 0.12/turn    (no ring)
                     (no ring)

%: no passive effects
@: no status effects
A: almost no armour, amphibious, 8 rings, camouflage 1, gelatinous body 1,
(nimble swimmer 1), tentacles
a: no special abilities


You were on level 3 of the Dungeon.
You visited 1 branch of the dungeon, and saw 3 of its levels.

You collected 109 gold pieces.

Inventory:

Hand Weapons
 a - a +0 dagger
 k - a +0 vampiric dagger (weapon)
Armour
 b - a +0 hat (worn)
Jewellery
 n - a ring of poison resistance (left tentacle)
Scrolls
 d - 2 scrolls of torment {unknown}
 e - a scroll of fear {unknown}
 h - a scroll of identify {unknown}
 m - a scroll of enchant armour {unknown}
 o - a scroll of fog {unknown}
Potions
 c - a potion of magic
 f - 3 potions of curing {unknown}
 g - a potion of haste {unknown}
 i - 2 potions of attraction {unknown}
 j - a potion of might {unknown}
 l - a potion of resistance {unknown}


   Skills:
 + Level 2.8 Dodging
 + Level 3.8 Stealth
 + Level 3.5 Spellcasting
 + Level 2.1 Conjurations
 + Level 1.9 Summonings
 + Level 2.0 Translocations


You had 6 spell levels left.
You knew the following spells:

 Your Spells              Type           Power      Damage    Failure   Level
a - Magic Dart            Conj           40%        1d5       6%          1
b - Call Imp              Summ           20%        N/A       11%         2
c - Blink                 Tloc           20%        N/A       10%         2

Your spell library contained the following spells:

 Spells                   Type           Power      Damage    Failure   Level
 Slow                     Hex            12%        N/A       16%         1
 Cigotuvi's Dreadful Rot  Necr/Pois/Air  6%         N/A       24%         2
 Mephitic Cloud           Conj/Pois/Air  5%         N/A       34%         3


Dungeon Overview and Level Annotations

Branches:
Dungeon (3/15)

Altars:

Annotations:
D:3 Sigmund


Innate Abilities, Weirdness & Mutations

You cannot wear most types of armour.
You are amphibious.
You can wear up to eight rings at the same time.
Your skin changes colour to match your surroundings (Stealth+).
Your rubbery body absorbs attacks. (AC +1, EV +1)
((You are camouflaged when in or above water. (Stealth+)))
You have tentacles for arms and can constrict up to eight enemies at once.


Message History

You closely miss the orc wizard. Your grab misses the orc wizard.
You squeeze the orc wizard, but do no damage.
The orc wizard is moderately wounded.
Your cerulean imp misses the orc wizard.
Something hits you.
The orc wizard hits you with a +0 dagger.
* * * LOW HITPOINT WARNING * * *
You hit the orc wizard.
You feel better.
Your grab misses the orc wizard.
The orc wizard is moderately wounded.
Your cerulean imp closely misses the orc wizard.
Something hits you.
* * * LOW HITPOINT WARNING * * *
The orc wizard closely misses you.
You hit the orc wizard.
You feel better.
Your grab misses the orc wizard. Your squeeze misses the orc wizard.
The orc wizard is heavily wounded.
Your cerulean imp misses the orc wizard.
Something hits you.
The orc wizard hits you with a +0 dagger.
* * * LOW HITPOINT WARNING * * *
You closely miss the orc wizard. You grab the orc wizard.
You squeeze the orc wizard.
The orc wizard is almost dead.
You constrict the orc wizard, but do no damage.
Your cerulean imp hits the orc wizard with a -4 spear.
The orc wizard dies!
Something hits you.
* * * LOW HITPOINT WARNING * * *
Your Translocations skill increases to level 2!
You have reached level 5!
You feel agile.
Casting: Call Imp (safe; 11% risk of failure)
Confirm with . or Enter, or press ? or * to list all spells.
You blink.
Something hits your cerulean imp.
A puff of flame appears from out of thin air!
The puff of flame misses you.
You feel stable enough to blink again.
A puff of flame appears from out of thin air!
The puff of flame hits you!
You die...

###### #....#
######....#
#.........#
#######.........#
'.....'@5.......#
#######.........#
#.........#
#####{#########
...# #.....# #..#
#.###.# #))# #.#
#.# #..# #.#
#.#### #..###.#
#.....


You could see a friendly cerulean imp (summoned).

Vanquished Creatures
  An orc priest (D:2)
  An adder (D:3)
  5 orcs
  3 bats
  2 endoplasms
  5 goblins
  2 hobgoblins (D:1)
  6 jackals
  A ball python (D:1)
  4 frilled lizards
  4 kobolds
  7 rats
41 creatures vanquished.

Vanquished Creatures (collateral kills)
  An orc wizard (D:3)
  An adder (D:2)
  A worm (D:2)
  4 orcs
  An endoplasm (D:2)
  A giant cockroach (D:2)
  A goblin (D:2)
  A quokka (D:2)
  A ball python (D:3)
  A rat (D:3)
13 creatures vanquished.

Grand Total: 54 creatures vanquished

Notes
Turn   | Place    | Note
-------+----------+-------------------------------------------
     0 | D:1      | javelincjr the Octopode Hedge Wizard began the quest for
                  | the Orb.
     0 | D:1      | Reached XP level 1. HP: 11/11 MP: 4/4
   271 | D:1      | Reached XP level 2. HP: 17/17 MP: 0/6
   768 | D:1      | Learned a level 2 spell: Call Imp
   771 | D:1      | Learned a level 2 spell: Blink
  1010 | D:2      | Reached XP level 3. HP: 21/21 MP: 1/7
  1471 | D:2      | Reached XP level 4. HP: 25/27 MP: 9/9
  2016 | D:3      | Noticed Sigmund
  2259 | D:3      | Reached XP level 5. HP: 5/31 MP: 10/10
  2264 | D:3      | Killed from afar by an orc wizard

Illustrated notes

Levels and vault maps discovered:
D:1:      reono_arrival_mine, layout_rooms, serial_aquarium,
          aquarium_bridge_straight [aquarium_subvault_bridge,
          aquarium_subvault_window, aquarium_subvault_bridge,
          aquarium_subvault_window], aquarium_window_1, aquarium_window_fake,
          aquarium_view_2e, aquarium_view_2d, aquarium_balcony_1b
D:2:      minmay_spotlight, layout_rooms
D:3:      layout_basic, uniq_sigmund

Skill      XL: |  1  2  3  4 |
---------------+-------------+-----
Stealth        | 3 |  3.8
Conjurations   | 2 |  2.1
Translocations | 2 |  2.0
Dodging        | |  2.8
Spellcasting   | |  3.5
Summonings     | |  1.9

Action                     |  1- 3 |  4- 6 || total
---------------------------+-------+-------++-------
  Melee: Dagger            |    30 |    47 ||    77
         Constrict         |    10 |    12 ||    22
         Tentacles         |     4 |    10 ||    14
         Punch             |     2 |       ||     2
   Cast: Magic Dart        |    44 |     1 ||    45
         Call Imp          |    10 |    11 ||    21
         Blink             |       |     1 ||     1
   Stab: Sleeping          |     2 |     1 ||     3
         Distracted        |       |     1 ||     1
 Armour: Skin              |     1 |     1 ||     2
  Dodge: Dodged            |    18 |    22 ||    40

Table legend: (Time is in decaauts)
 A = Elapsed time spent in this place.
 B = Non-inter-level travel time spent in this place.
 C = Inter-level travel time spent in this place.
 D = Time resting spent in this place.
 E = Time spent auto-exploring this place.
 F = Levels seen in this place.
 G = Mean time per level.
                   A        B        C        D        E       F      G
               +--------+--------+--------+--------+--------+-----+--------+
         Total |   2262 |   2181 |     81 |    101 |   1677 |   3 |  754.0 |
       Dungeon |   2262 |   2181 |     81 |    101 |   1677 |   3 |  754.0 |
               +--------+--------+--------+--------+--------+-----+--------+

Top non-repeatable levels by time:
     D:2: 972 daAuts
     D:1: 883 daAuts
     D:3: 406 daAuts
